[Event "Late-Titled-Tuesday-Blitz-October-17-2023"]
[Site "Chess.com"]
[Date "2023.10.17"]
[Round "3"]
[White "Sanan_Sjugirov"]
[Black "Sokoloco"]
[Result "1-0"]
[WhiteElo "2950"]
[BlackElo "2706"]
[TimeControl "180+1"]
[EndTime "14:28:16 PDT"]
[Termination "Sanan_Sjugirov won by checkmate"]

1. e4 d6 2. d4 g6 3. Bd3 Bg7 4. Nf3 Nf6 5. O-O O-O 6. h3 Nc6 7. c3 e5 8. Re1 h6 9. Bc2 Bd7 10. Nbd2 Nh5 11. Nf1 Qe7 12. Ne3 Nf4 13. Nd5 Nxd5 14.
exd5 Nd8 15. dxe5 dxe5 16. Bf4 f6 17. Bxg6 Nf7 18. Nh4 Nd6 19. Qh5 f5 20. Bxh6 Bxh6 21. Qxh6 e4 22. Qf4 Kg7 23. Bh5 Qf6 24. Re3 Be8 25.
Rg3+ Kh7 26. Bg6+ Bxg6 27. Rxg6 Qxh4 28. Qxh4+ Kxg6 29. Qf4 Rae8 30. Re1 Rg8 31. b3 Kf6 32. c4 b6 33. Re3 Rg6 34. Rg3 Rxg3 35. Qxg3 Re7 36.
Qf4 Nf7 37. b4 Ne5 38. c5 Nd3 39. Qh6+ Ke5 40. d6 Rd7 41. dxc7 Rxc7 42. Qd6# 1-0

[Event "Late-Titled-Tuesday-Blitz-October-17-2023"]
[Site "Chess.com"]
[Date "2023.10.17"]
[Round "3"]
[White "Chesstrainer1"]
[Black "elprimo2012mortis"]
[Result "0-1"]
[WhiteElo "2491"]
[BlackElo "2706"]
[TimeControl "180+1"]
[EndTime "14:28:16 PDT"]
[Termination "elprimo2012mortis won on time"]

1. e4 c6 2. d4 d5 3. e5 Bf5 4. h4 h5 5. c4 e6 6. Nc3 dxc4 7.
Bxc4 Nd7 8. Nge2 Be7 9. Ng3 Bg6 10. Nge4 Nh6 11. Bxh6 Rxh6 12. Bb3 Qb6 13. Qd2 O-O-O 14.
Qe3 Bxe4 15. Nxe4 Rg6 16. Kf1 Qa6+ 17. Kg1 Nb6 18. Rc1 Kb8 19. Rh3 Rg4 20. Rf3 Nd5 21. Bxd5 cxd5 22. Nc3 f5 23. g3 Bxh4 24. Rd1 Bg5 25.
Qe1 h4 26. Kg2 Rh8 27. Qe2 hxg3 28. fxg3 Qxe2+ 29. Nxe2 Rc8 30. Rc3 Rxc3 31. bxc3 Re4 32. Kf2 Be3+ 33. Kf3 Bh6 34. Rb1 Re3+ 35. Kf2 Rd3 36.
Rh1 Rd2 37. a4 Ra2 38. Kf3 Rxa4 0-1

[Event "Late-Titled-Tuesday-Blitz-October-17-2023"]
[Site "Chess.com"]
[Date "2023.10.17"]
[Round "3"]
[White "as9killer2"]
[Black "lluiss"]
[Result "1-0"]
[WhiteElo "2517"]
[BlackElo "2174"]
[TimeControl "180+1"]
[EndTime "14:28:16 PDT"]
[Termination "as9killer2 won on time"]

1. c4 Nf6 2. Nc3 d5 3. cxd5 Nxd5 4. g3 e5 5. Bg2 Nb6 6. d3 Be7 7.
a4 a5 8. Be3 O-O 9. Bxb6 cxb6 10. Nf3 Nc6 11. O-O f6 12. h3 Be6 13. e3 Qd7 14. d4 Bxh3 15. dxe5 Qxd1 16. Raxd1 Bxg2 17. Kxg2 fxe5 18. Rd7 Rab8 19. Nd5 Bc5 20. Rd1 Rfd8 21. Nc7 Rxd7 22. Rxd7 Rd8 23. Rxd8+ Nxd8 24. Ng5 Nf7 25. Ne4 Nd6 26. Nxd6 Bxd6 27. Nb5 Bb4 28. g4 Kf7 29. Kf3 Ke6 30. Ke4 Be1 31. f4 exf4 32. exf4 g6 33. Nc7+ Kd6 34. Nd5 Bf2 35. g5 Bc5 36. Nf6 Ke6 37.
Nxh7 Bb4 38. Nf6 Bd2 39. Nd5 Bc1 40. b3 Kd6 41. Nxb6 Kc6 42. Nc4 b5 43. Ne5+ Kc5 44. Nd3+ 1-0

[Event "Late-Titled-Tuesday-Blitz-October-17-2023"]
[Site "Chess.com"]
[Date "2023.10.17"]
[Round "3"]
[White "Laico"]
[Black "MKlose11"]
[Result "0-1"]
[WhiteElo "2440"]
[BlackElo "2629"]
[TimeControl "180+1"]
[EndTime "14:28:19 PDT"]
[Termination "MKlose11 won on time"]

1. e4 e6 2. d4 d5 3. Nd2 Be7 4. Bd3 c5 5. c3 Nf6 6. e5 Nfd7 7. Ne2 Nc6 8. f4 f6 9. Nf3 cxd4 10. cxd4 Bb4+ 11.
Bd2 Qb6 12. a3 Bxd2+ 13. Qxd2 O-O 14. b4 a6 15. Rc1 Kh8 16. O-O Qd8 17. Bb1 f5 18.
Rc3 Nb6 19. Bd3 Bd7 20. Rfc1 Rc8 21. Qc2 Qe7 22. Nd2 Na7 23. Rc5 Ba4 24. Qb2 Bc6 25. Nc3 Nd7 26. Ra5 g5 27. a4 gxf4 28. b5 Rg8 29. bxc6 Nxc6 30. Rc5 Nxc5 31. dxc5 Nxe5 32. Ne2 Qg7 33. Nxf4 Nf3+ 34. Nxf3 Qxb2 35. Re1 Rxc5 36. Rxe6 Rc1+ 37. Bf1 Qb6+ 0-1

[Event "Late-Titled-Tuesday-Blitz-October-17-2023"]
[Site "Chess.com"]
[Date "2023.10.17"]
[Round "3"]
[White "LaPiToB"]
[Black "HajiyevKanan"]
[Result "0-1"]
[WhiteElo "2311"]
[BlackElo "2540"]
[TimeControl "180+1"]
[EndTime "14:28:20 PDT"]
[Termination "HajiyevKanan won by checkmate"]

1. d4 c6 2. c4 d5 3. Nc3 a6 4. cxd5 cxd5 5. Bf4 Nf6 6. e3 Nc6 7. Be2 Bf5 8. g4 Bg6 9. h4 h5 10. g5 Ne4 11. Nxe4 Bxe4 12. Bf3 Qa5+ 13. Kf1 Qb5+ 14. Kg2 Bg6 15. a4 Qxb2 16. Bxd5 e6 17. Ra2 Qb6 18. Bf3 Be7 19. Nh3 Rd8 20. Qa1 O-O 21.
Rb2 Nb4 22. a5 Qb5 23. Rc1 Rc8 24. Bc7 Qd7 25. Bg3 Rxc1 26. Qxc1 Nd3 27. Qc3 Nxb2 28.
Qxb2 Bd6 29. Nf4 Rb8 30. Nxg6 fxg6 31. Be4 Bxg3 32. fxg3 Kh7 33. Qc2 Qf7 34. g4 Rf8 35.
gxh5 Qf1+ 36. Kg3 Qe1+ 37. Kg2 Qf1+ 38. Kg3 Qg1+ 39. Kh3 Qxe3+ 40. Kg4 Rf4# 0-1

[Event "Late-Titled-Tuesday-Blitz-October-17-2023"]
[Site "Chess.com"]
[Date "2023.10.17"]
[Round "3"]
[White "AlexandraBotez"]
[Black "dianamirza"]
[Result "1-0"]
[WhiteElo "2350"]
[BlackElo "1961"]
[TimeControl "180+1"]
[EndTime "14:28:20 PDT"]
[Termination "AlexandraBotez won by resignation"]

1. Nf3 d5 2. d4 c6 3. Bf4 Bf5 4. e3 h5 5. h4 Nf6 6. Nbd2 Ne4 7. Bd3 e6 8. Ne5 Nd7 9. Nxe4 Bxe4 10. Bxe4 dxe4 11.
c4 Bb4+ 12. Ke2 Nxe5 13. Bxe5 f6 14. Bg3 Kf7 15. Qb3 Qb6 16. a3 Be7 17. Qxb6 axb6 18. b4 c5 19. Rhb1 cxb4 20. axb4 Rxa1 21. Rxa1 Bxb4 22.
Rb1 Ba5 23. c5 bxc5 24. Rxb7+ Kg6 25. dxc5 Rd8 26. Bd6 Rc8 27. f3 exf3+ 28. gxf3 Bc3 29. Kd3 Be5 30. Bxe5 fxe5 31. Kc4 Kf6 32. Kb5 g5 33. hxg5+ Kxg5 34. c6 Kh4 35. Rg7 Kh3 36. Kc5 h4 37. Kd6 Kh2 38. c7 h3 39. Kd7 Rxc7+ 40. Kxc7 Kh1 41. Kd6 h2 42. Rh7 Kg2 43. Kxe5 1-0

[Event "Late-Titled-Tuesday-Blitz-October-17-2023"]
[Site "Chess.com"]
[Date "2023.10.17"]
[Round "3"]
[White "C_K_G"]
[Black "acertijo08"]
[Result "0-1"]
[WhiteElo "1893"]
[BlackElo "2338"]
[TimeControl "180+1"]
[EndTime "14:28:20 PDT"]
[Termination "acertijo08 won by checkmate"]

1. e4 c5 2. Nf3 d6 3. d4 cxd4 4. Nxd4 Nf6 5. Nc3 a6 6. Be2 e6 7. Be3 Be7 8. O-O O-O 9. f4 Qc7 10. Bf3 Nc6 11. a4 Rb8 12. Nb3 b6 13. g4 Re8 14. g5 Nd7 15. Qe2 Na5 16. Rad1 Nc4 17. Bc1 b5 18. axb5 axb5 19. h4 b4 20. Nb1 Ba6 21.
Qg2 Rbc8 22. Rf2 Nc5 23. f5 Na4 24. f6 Bf8 25. h5 Naxb2 26. Bxb2 Nxb2 27. Rd4 e5 28. Rxb4 d5 29. Ra4 Nxa4 30. exd5 Nc5 31. N1d2 Nxb3 32.
Nxb3 Bc4 33. g6 Bxb3 34. gxh7+ Kh8 35. cxb3 Qc1+ 36. Kh2 Qh6 37. Bg4 Rc1 38. d6 e4 39.
Kh3 Rc3+ 40. Kh4 Re5 41. Rf5 Rxf5 42. Bxf5 Qxf6+ 43. Kg4 Bxd6 44. Qxe4 Rg3# 0-1

[Event "Late-Titled-Tuesday-Blitz-October-17-2023"]
[Site "Chess.com"]
[Date "2023.10.17"]
[Round "3"]
[White "rasmussvane"]
[Black "lamomiajunior"]
[Result "0-1"]
[WhiteElo "2971"]
[BlackElo "2747"]
[TimeControl "180+1"]
[EndTime "14:28:22 PDT"]
[Termination "lamomiajunior won by checkmate"]

1. Nf3 d5 2. g3 Nf6 3. Bg2 c5 4. O-O e6 5. c4 d4 6. e3 Nc6 7. exd4 cxd4 8. d3 Bd6 9. Bg5 h6 10. Bxf6 gxf6 11. Nbd2 h5 12. a3 a5 13. Rc1 Kf8 14. c5 Bc7 15. Nc4 Kg7 16. Re1 e5 17.
Nh4 Bg4 18. Qb3 Rb8 19. Qa4 Qd7 20. b4 axb4 21. axb4 Be6 22. b5 Ne7 23. Bxb7 Rxb7 24. c6 Nxc6 25. bxc6 Qe8 26. Qa6 Rb8 27. Qa7 Qe7 28.
Nd2 Ra8 29. Qc5 Qxc5 30. Rxc5 Ba5 31. Rd1 Rhc8 32. Ne4 Bb4 33. Rb5 Bf8 34. Rc1 Ra6 35. c7 Ra7 36. Nc5 Raxc7 37. Nxe6+ fxe6 38. Rb7 Rxb7 39. Rxc8 Rb3 40. Rc7+ Kh6 41. Rc6 Rxd3 42. Rxe6 Kg7 43.
Kf1 Ra3 44. Ke2 d3+ 45. Kd1 Bb4 46. Rc6 Ra1+ 47. Rc1 Ra2 48. Rc7+ Kg8 49. Rd7 Ra1# 0-1

[Event "Late-Titled-Tuesday-Blitz-October-17-2023"]
[Site "Chess.com"]
[Date "2023.10.17"]
[Round "3"]
[White "NateSolon"]
[Black "Haykoooo0o"]
[Result "0-1"]
[WhiteElo "2617"]
[BlackElo "2459"]
[TimeControl "180+1"]
[EndTime "14:28:23 PDT"]
[Termination "Haykoooo0o won by resignation"]

1. d4 d5 2. Bf4 c5 3. e3 Nc6 4. Nf3 cxd4 5. exd4 Bg4 6. c3 e6 7. Nbd2 Bd6 8. Bxd6 Qxd6 9. Bd3 Nf6 10. O-O O-O 11. h3 Bh5 12. Re1 Qc7 13. a4 Rfc8 14. Nf1 Rab8 15.
Ng3 Bg6 16. Bxg6 hxg6 17. Ne5 Nxe5 18. Rxe5 b5 19. axb5 Rxb5 20. Re2 Rcb8 21. Ra2 Qc4 22. Qa1 Ne4 23. Rc2 Nxg3 24. fxg3 Qd3 25. Rf2 Qxg3 26. Rxa7 R5b7 27. Rxb7 Rxb7 28. Qa8+ Qb8 29. Qxb8+ Rxb8 30. b4 Kf8 31. Kf1 Ke7 32. Ke2 f6 33. Kd3 Ra8 34. Rb2 Kd6 35. b5 Kc7 36.
c4 Ra3+ 37. Ke2 dxc4 38. Rc2 c3 39. Kd3 Kb6 40. Re2 c2+ 41. Kd2 Ra1 42. Rxe6+ Kxb5 43. Kxc2 Kc4 44. Re7 Ra2+ 45. Kd1 Rxg2 46. Rxg7 Kxd4 47. h4 Rg4 48. Rh7 Ke3 49. h5 Rg1+ 50. Kc2 g5 51.
Rf7 Rh1 52. Rxf6 Rxh5 53. Re6+ Kf3 54. Kd3 g4 55. Rf6+ Kg2 56. Ke2 Re5+ 57. Kd3 g3 0-1

[Event "Late-Titled-Tuesday-Blitz-October-17-2023"]
[Site "Chess.com"]
[Date "2023.10.17"]
[Round "3"]
[White "ellatambien"]
[Black "Misticpikachu"]
[Result "1-0"]
[WhiteElo "2624"]
[BlackElo "2415"]
[TimeControl "180+1"]
[EndTime "14:28:23 PDT"]
[Termination "ellatambien won by checkmate"]

1. e4 e6 2. d4 d5 3. Nd2 c5 4. exd5 Qxd5 5. dxc5 Qxc5 6. Ngf3 Nf6 7. Bd3 Be7 8. O-O O-O 9. Qe2 Nc6 10. Ne4 Qh5 11. a4 b6 12. c3 Bb7 13. Ng3 Qd5 14. Rd1 Rfd8 15. Bxh7+ Nxh7 16. Rxd5 Rxd5 17. Be3 Rad8 18. h3 Nf6 19. Nd2 Ne5 20. Nc4 Ba6 21.
b3 Nxc4 22. bxc4 Rc8 23. Rd1 Bxc4 24. Qf3 Bb3 25. Rxd5 Bxd5 26. Qf4 Ne8 27. Bd4 Bf6 28. Ne4 Bxe4 29. Qxe4 Bxd4 30. Qxd4 Nf6 31. c4 Rc5 32. Qd8+ Kh7 33. Qe7 Rxc4 34. Qxa7 Nd5 35. Qxf7 Rxa4 36. Qxe6 Ra1+ 37. Kh2 Ra5 38. Qe4+ Kh8 39. f4 Nf6 40. Qd4 Rd5 41. Qxb6 Kh7 42. Qb1+ Kh8 43. g4 Rd2+ 44. Kg3 Nd5 45. Qe4 Rd1 46. g5 Nc3 47. Qe8+ Kh7 48. f5 Rd3+ 49. Kh4 Rd4+ 50. Kh5 Rd8 51.
g6# 1-0

[Event "Late-Titled-Tuesday-Blitz-October-17-2023"]
[Site "Chess.com"]
[Date "2023.10.17"]
[Round "3"]
[White "Lion_DL"]
[Black "Deeper44"]
[Result "0-1"]
[WhiteElo "2452"]
[BlackElo "2638"]
[TimeControl "180+1"]
[EndTime "14:28:25 PDT"]
[Termination "Deeper44 won by resignation"]

1. d4 Nf6 2. c4 g6 3. h4 Bg7 4.
Nc3 d6 5. e4 Nbd7 6. Be2 e5 7. d5 Nc5 8. f3 a5 9. g4 h5 10. g5 Nfd7 11. Be3 O-O 12. Nh3 c6 13. Qd2 cxd5 14. Nxd5 Ne6 15. O-O-O a4 16. Kb1 Nd4 17. f4 Nxe2 18. Qxe2 exf4 19. Nhxf4 Re8 20. Qc2 a3 21. b3 Qa5 22. Bd4 Ne5 23. Bc3 Qd8 24. Rhf1 Bg4 25. Rd2 b5 26. c5 Nf3 27. Nf6+ Bxf6 28. Rxf3 Bxf3 29. Bxf6 Bxe4 30. Bxd8 Bxc2+ 31. Kxc2 Raxd8 32. cxd6 Kg7 33. Rd4 Re5 34. Kc3 Rc5+ 35. Kb4 Rc6 36. Kxa3 Rcxd6 37. Rb4 Rd4 38. Ne2 Ra8+ 39. Ra4 Rdxa4+ 40.
bxa4 Rxa4+ 0-1

[Event "Late-Titled-Tuesday-Blitz-October-17-2023"]
[Site "Chess.com"]
[Date "2023.10.17"]
[Round "3"]
[White "johnmez"]
[Black "MathiasWomacka"]
[Result "1/2-1/2"]
[WhiteElo "2349"]
[BlackElo "2533"]
[TimeControl "180+1"]
[EndTime "14:28:25 PDT"]
[Termination "Game drawn by repetition"]

1. d4 Nf6 2. c4 e6 3. Nc3 Bb4 4. e3 c5 5. Ne2 cxd4 6. exd4 O-O 7. a3 Be7 8. d5 exd5 9. cxd5 Bc5 10. Ng3 d6 11. Be2 Nbd7 12. O-O Ne5 13. Bg5 h6 14. Bxf6 Qxf6 15. Nce4 Qh4 16. b4 Bb6 17. Nxd6 Ng4 18. Bxg4 Bxg4 19. Qd2 Qf6 20. Nxb7 h5 21. Nc5 h4 22.
Nge4 Qe5 23. Qg5 Qxg5 24. Nxg5 Rad8 25. h3 Rxd5 26. Nge4 Bf5 27. Rfd1 Rfd8 28. Rxd5 Rxd5 29. Rc1 f6 30. Kf1 Kf7 31. Ke2 g5 32. a4 a5 33.
b5 Re5 34. f3 Bg6 35. Kd2 Rd5+ 36. Ke2 Re5 37. Kd2 Rd5+ 38. Ke2 Re5 1/2-1/2

[Event "Late-Titled-Tuesday-Blitz-October-17-2023"]
[Site "Chess.com"]
[Date "2023.10.17"]
[Round "3"]
[White "Alexander_Donchenko"]
[Black "koncheto"]
[Result "1-0"]
[WhiteElo "2879"]
[BlackElo "2553"]
[TimeControl "180+1"]
[EndTime "14:28:26 PDT"]
[Termination "Alexander_Donchenko won by resignation"]

1. Nf3 Nf6 2. g3 c5 3. Bg2 e6 4. c4 Nc6 5. O-O b6 6. d4 cxd4 7. Nxd4 Bb7 8. Nc3 a6 9. Bf4 Rc8 10. Rc1 Be7 11. Nxc6 Bxc6 12. e4 d6 13. Qe2 Qd7 14.
Rfd1 O-O 15. e5 Ne8 16. exd6 Nxd6 17. Ne4 Bxe4 18. Bxe4 Rfd8 19. b3 Qa7 20. Bg2 Nf5 21.
Be5 Bc5 22. Rxd8+ Rxd8 23. Rd1 Qe7 24. Be4 Nd4 25. Bxd4 Bxd4 26. Kg2 g6 27. h4 h5 28. b4 Qf6 29. Bf3 Bc3 30. c5 Rxd1 31. Qxd1 Qd4 32. c6 Qe5 33. Qd8+ Kg7 34. c7 1-0

[Event "Late-Titled-Tuesday-Blitz-October-17-2023"]
[Site "Chess.com"]
[Date "2023.10.17"]
[Round "3"]
[White "BrandonJiang123456"]
[Black "Noki102"]
[Result "1-0"]
[WhiteElo "2276"]
[BlackElo "2441"]
[TimeControl "180+1"]
[EndTime "14:28:27 PDT"]
[Termination "BrandonJiang123456 won by checkmate"]

1. e4 e5 2. Nf3 Nc6 3. Bc4 Nf6 4. d3 h6 5. c3 d6 6. Bb3 g6 7. Nbd2 Bg7 8. Nf1 Na5 9. Bc2 c5 10. Ng3 Nc6 11. a3 O-O 12. h3 a5 13. Nh2 Kh7 14. Ng4 Ng8 15. Ne3 b5 16. h4 Be6 17. h5 Qd7 18.
hxg6+ fxg6 19. f3 Nge7 20. Ng4 h5 21. Nxh5 gxh5 22. Rxh5+ Kg8 23. Nh6+ Bxh6 24. Bxh6 Rf6 25. Qd2 Rg6 26. O-O-O Kf7 27. Rf1 Ke8 28. f4 exf4 29.
Qxf4 Kd8 30. Qf8+ Qe8 31. Qxe8+ Kxe8 32. Rf8+ Kd7 33. Rxa8 Rxg2 34. Bd1 Rg1 35. Be3 Bg4 36. Bxg1 Bxh5 37. Bxh5 Nc8 38. Bg4+ Kc7 39. Rxc8+ Kb6 40. Rxc6+ Kxc6 41. Be6 c4 42. Bd5+ Kd7 43. dxc4 bxc4 44.
Bxc4 Kc6 45. b4 a4 46. b5+ Kb7 47. b6 d5 48. Bxd5+ Ka6 49. e5 Ka5 50. e6 Ka6 51. e7 Ka5 52. e8=Q Ka6 53. Qxa4# 1-0

[Event "Late-Titled-Tuesday-Blitz-October-17-2023"]
[Site "Chess.com"]
[Date "2023.10.17"]
[Round "3"]
[White "becemix"]
[Black "HanSchut"]
[Result "1-0"]
[WhiteElo "2491"]
[BlackElo "2311"]
[TimeControl "180+1"]
[EndTime "14:28:28 PDT"]
[Termination "becemix won by resignation"]

1. d4 Nf6 2. Nc3 d5 3. Bf4 e6 4. Nf3 Bd6 5. e3 a6 6. Bd3 b5 7. O-O c5 8. Re1 Bxf4 9. exf4 cxd4 10. Nxd4 O-O 11. Nce2 Qc7 12. c3 Nc6 13. Rc1 Bd7 14. f5 e5 15. Nxc6 Bxc6 16. Bc2 Rad8 17. a4 Qb7 18. Ng3 d4 19. axb5 axb5 20. cxd4 exd4 21.
f3 Qb6 22. Bd3 Rfe8 23. Ne4 Nd5 24. Qb3 Nf4 25. Kh1 Nxd3 26. Qxd3 Bd5 27. Nf2 Bc4 28. Qd2 Rxe1+ 29. Rxe1 h6 30. Ne4 d3 31. Qb4 Qd4 32. Rd1 Bd5 33. Qxd4 1-0

[Event "Late-Titled-Tuesday-Blitz-October-17-2023"]
[Site "Chess.com"]
[Date "2023.10.17"]
[Round "3"]
[White "GM_dmitrij"]
[Black "German_Bazeev"]
[Result "1-0"]
[WhiteElo "3048"]
[BlackElo "2794"]
[TimeControl "180+1"]
[EndTime "14:28:29 PDT"]
[Termination "GM_dmitrij won by resignation"]

1. c4 e5 2. g3 Nf6 3. Bg2 h6 4. b3 Nc6 5. Bb2 Bc5 6. e3 d6 7. Ne2 a6 8. O-O Ba7 9. Nbc3 h5 10. h3 h4 11. g4 Nxg4 12. hxg4 Bxg4 13. Kh2 f5 14. d4 Qd7 15. Nd5 O-O-O 16. b4 exd4 17. b5 Ne5 18. b6 cxb6 19. Bxd4 Kb8 20. Nxb6 Bxb6 21. Bxb6 Bf3 22. Bxf3 Nxf3+ 23. Kh1 g5 24. Qd5 Ne5 25. Bxd8 f4 26. Ng1 f3 27. Rab1 Nc6 28. Bxg5 Rf8 29. Bf4 Rf5 30. Qxd6+ 1-0

[Event "Late-Titled-Tuesday-Blitz-October-17-2023"]
[Site "Chess.com"]
[Date "2023.10.17"]
[Round "3"]
[White "vidavi"]
[Black "JSlaby"]
[Result "0-1"]
[WhiteElo "2393"]
[BlackElo "2588"]
[TimeControl "180+1"]
[EndTime "14:28:29 PDT"]
[Termination "JSlaby won on time"]

1. e4 Nf6 2. e5 Nd5 3. g3 d6 4. Nf3 Nb6 5. Bg2 Nc6 6. Qe2 Nxe5 7. Nxe5 dxe5 8. O-O c6 9. b3 Bf5 10. Nc3 Qc7 11. Bb2 e6 12. Ne4 Be7 13. h4 O-O 14. h5 Rad8 15. d3 Nd5 16. Nd2 f6 17. g4 Nf4 18. Qf3 Bxd3 19. h6 Bxf1 20. Nxf1 gxh6 21. Ng3 Qd6 22. Bf1 f5 23. Bc4 fxg4 24. Qxg4+ Bg5 25. Ne4 Qe7 26. Bxe5 b5 27. Bf1 Rf5 28. Bb2 Rdf8 29. Re1 a5 30. Ng3 R5f7 31. Be5 Ng6 32. Bd4 e5 33.
Bc3 Rxf2 34. Bh3 Qc5 35. Qe6+ R8f7 36. Rxe5 Rf1+ 0-1

[Event "Late-Titled-Tuesday-Blitz-October-17-2023"]
[Site "Chess.com"]
[Date "2023.10.17"]
[Round "3"]
[White "morte-negra"]
[Black "Resignify"]
[Result "1-0"]
[WhiteElo "1976"]
[BlackElo "2330"]
[TimeControl "180+1"]
[EndTime "14:28:29 PDT"]
[Termination "morte-negra won on time"]

1. e4 d6 2. d4 Nf6 3. Nc3 g6 4.
Bg5 Bg7 5. f4 c6 6. e5 Nd5 7. Be2 h6 8. Nxd5 hxg5 9. Nc3 gxf4 10. Nf3 d5 11. Qd2 Bh6 12. O-O-O Bf5 13. Kb1 Qd7 14.
h4 b5 15. Ng5 f6 16. exf6 exf6 17. Nh3 Qd6 18. Bf3 Nd7 19. Rde1+ Kf7 20. Ne2 Rae8 21. Nexf4 Rxe1+ 22. Rxe1 Bxf4 23. Nxf4 Rxh4 24. Qe3 Rxf4 25. Qe8+ Kg7 26. Re7+ Kh6 27. Qh8+ Kg5 28. g3 Rxd4 29. Rh7 Qxg3 30. b3 1-0

[Event "Late-Titled-Tuesday-Blitz-October-17-2023"]
[Site "Chess.com"]
[Date "2023.10.17"]
[Round "3"]
[White "Inepton_Fermion"]
[Black "WilliamAlfaroCaracas"]
[Result "1-0"]
[WhiteElo "2383"]
[BlackElo "2183"]
[TimeControl "180+1"]
[EndTime "14:28:30 PDT"]
[Termination "Inepton_Fermion won on time"]

1. Nf3 g6 2. e4 Bg7 3. d4 d6 4. c3 Nf6 5. Bd3 O-O 6. h3 c5 7. O-O b6 8. Re1 Bb7 9. Nbd2 Nbd7 10. d5 Nh5 11. Bf1 e6 12. dxe6 fxe6 13. Nc4 d5 14.
Nd6 Qc7 15. Nxb7 Qxb7 16. Ng5 Rae8 17. exd5 Qxd5 18. Qa4 Ne5 19. Be3 Nd3 20. Red1 Nxb2 21. Rxd5 Nxa4 22. Rd7 Nxc3 23. Re1 h6 24. Nxe6 Rxe6 25.
Bc4 Re8 26. Rd6 Kf7 27. Bd2 Ke7 28. Rexe6+ Kf8 29. Rxe8+ Kxe8 30. Re6+ Kf7 31. Re3+ Kf8 32. Bxc3 1-0

[Event "Late-Titled-Tuesday-Blitz-October-17-2023"]
[Site "Chess.com"]
[Date "2023.10.17"]
[Round "3"]
[White "Kostukov_Alex"]
[Black "Mikhail_Golubev"]
[Result "1-0"]
[WhiteElo "2405"]
[BlackElo "2564"]
[TimeControl "180+1"]
[EndTime "14:28:31 PDT"]
[Termination "Kostukov_Alex won on time"]

1. g3 g6 2. Bg2 Bg7 3. c4 e5 4. Nc3 Nc6 5. e3 d6 6. Nge2 Nf6 7. O-O O-O 8. d4 exd4 9. exd4 Re8 10. h3 Bf5 11. Be3 Ne4 12. g4 Nxc3 13. Nxc3 Bd7 14. Qd2 f5 15. Bg5 Qc8 16. Nd5 Rf8 17. Ne7+ Nxe7 18. Bxe7 Re8 19. Rfe1 fxg4 20. Bd5+ Kh8 21.
Bf7 Rxe7 22. Rxe7 Bf6 23. Rae1 Bxe7 24. Rxe7 Bf5 25. Qg5 Qf8 26. hxg4 Bxg4 27. Bxg6 hxg6 28. Rxc7 Bh5 29. d5 Re8 30. Qd2 Qf6 31. Rxb7 a6 32. Qh6+ Kg8 33. Kf1 Rc8 34. b3 a5 35. Qh7+ Kf8 36. Qd7 1-0

[Event "Late-Titled-Tuesday-Blitz-October-17-2023"]
[Site "Chess.com"]
[Date "2023.10.17"]
[Round "3"]
[White "cassoulet"]
[Black "BrandonJacobson"]
[Result "1-0"]
[WhiteElo "2785"]
[BlackElo "2982"]
[TimeControl "180+1"]
[EndTime "14:28:32 PDT"]
[Termination "cassoulet won by checkmate"]

1. d4 Nf6 2. Bg5 d5 3. Bxf6 exf6 4. Nf3 Nd7 5. e3 Nb6 6. Nbd2 Be6 7. g3 c6 8. Bg2 Bd6 9. O-O f5 10. Re1 O-O 11.
c3 a5 12. b3 a4 13. Qc2 Qc7 14. c4 axb3 15. axb3 Bb4 16. Rec1 dxc4 17. bxc4 c5 18. d5 Bd7 19. e4 Bxd2 20. Nxd2 f4 21. Rab1 Ra6 22. Nf3 Bg4 23. Qd2 fxg3 24. hxg3 Bxf3 25. Bxf3 Nd7 26. Bg2 Rfa8 27. Rb2 Ra3 28. Rcb1 b6 29. Qf4 Qd8 30. e5 R8a4 31. e6 Nf6 32. Rxb6 Ra1 33. Rb8 Rxb1+ 34. Rxb1 Ra8 35. d6 Rb8 36. Rxb8 Qxb8 37.
d7 Qd8 38. exf7+ Kxf7 39. Bd5+ Ke7 40. Qe5+ Kxd7 41. Qe6+ Kc7 42. Qc6+ Kb8 43. Qb7# 1-0

[Event "Late-Titled-Tuesday-Blitz-October-17-2023"]
[Site "Chess.com"]
[Date "2023.10.17"]
[Round "3"]
[White "Byniolus"]
[Black "Giorno"]
[Result "0-1"]
[WhiteElo "2771"]
[BlackElo "2541"]
[TimeControl "180+1"]
[EndTime "14:28:32 PDT"]
[Termination "Giorno won by resignation"]

1. d4 d5 2. Bf4 Nf6 3. e3 e6 4. Nd2 Bd6 5. Bg3 c6 6. Ngf3 Qc7 7. Ne5 Nfd7 8. f4 O-O 9. Bd3 g6 10. h4 f6 11. Nxd7 Nxd7 12. h5 g5 13. h6 e5 14.
fxe5 fxe5 15. Qg4 Kh8 16. Qxg5 Rg8 17. Qf5 Rg6 18. O-O-O Nf6 19. Qf2 e4 20. Bxd6 Qxd6 21. Be2 Bg4 22. Rdf1 Rag8 23. Bxg4 Nxg4 24. Qe2 Rxh6 25.
Rxh6 Qxh6 26. Re1 Qh4 27. b3 Rf8 28. Qd1 Qg3 29. Rh1 Nf2 30. Qh5 Nxh1 31. Qxh1 Qxe3 32.
Qh4 Qf4 33. Qh5 e3 34. Nf3 e2+ 35. Kb2 Qxf3 36. Qe5+ Qf6 37. Qxe2 Qxd4+ 38. c3 Qf6 0-1

[Event "Late-Titled-Tuesday-Blitz-October-17-2023"]
[Site "Chess.com"]
[Date "2023.10.17"]
[Round "3"]
[White "topin8"]
[Black "ozates"]
[Result "0-1"]
[WhiteElo "2500"]
[BlackElo "2708"]
[TimeControl "180+1"]
[EndTime "14:28:33 PDT"]
[Termination "ozates won by checkmate"]

1. e4 e5 2. Nf3 Nc6 3. Bb5 a6 4.
Ba4 Nf6 5. O-O Be7 6. d3 b5 7. Bb3 O-O 8. h3 d6 9. Bd2 Nd7 10. a3 Nc5 11. Ba2 Be6 12. Nc3 Qd7 13. Nd5 Bd8 14.
Be3 Na4 15. Rb1 Ne7 16. c4 c6 17. Nxe7+ Bxe7 18. Ng5 Bxg5 19. Bxg5 f6 20. Be3 Qf7 21. f4 exf4 22. Bxf4 Rfd8 23. Be3 Nc5 24. Qc2 bxc4 25. Bxc4 Bxc4 26. dxc4 Qg6 27. Bxc5 dxc5 28. Rbd1 h5 29. b4 Re8 30. Rfe1 Re5 31. bxc5 Rae8 32. Rd4 Rxc5 33. Qd3 Rg5 34. Re2 Rg3 35. Qc2 Rxh3 36. Rd6 Qg3 37. e5 Qh2+ 38. Kf2 Rg3 39. Ke1 Qg1+ 40. Kd2 Rxg2 41.
Rxg2 Qxg2+ 42. Kc3 Qg3+ 43. Kb4 Qxe5 44. Rxc6 Rb8+ 45.
Ka4 Qe8 46. Qg2 Rb6 47. Qd5+ Kh8 48. Qxh5+ Qxh5 49. Rxb6 Qc5 50. Rxa6 Qxc4+ 51. Ka5 Qc5+ 52. Ka4 f5 53. Ra5 Qc4# 0-1

[Event "Late-Titled-Tuesday-Blitz-October-17-2023"]
[Site "Chess.com"]
[Date "2023.10.17"]
[Round "3"]
[White "Nf3c5"]
[Black "wild3000"]
[Result "1-0"]
[WhiteElo "2609"]
[BlackElo "2411"]
[TimeControl "180+1"]
[EndTime "14:28:33 PDT"]
[Termination "Nf3c5 won on time"]

1. e4 e5 2. Bc4 Nc6 3. d3 d6 4. f4 Nf6 5. Nc3 Bg4 6. Qd2 exf4 7.
Qxf4 Ne5 8. Bb3 Ng6 9. Qf2 Be7 10.
Be3 O-O 11. Nf3 Be6 12. h3 a5 13. Nd4 Qd7 14. a3 c6 15. O-O b5 16. Nf5 a4 17.
Ba2 Bxa2 18. Nxa2 c5 19. Nc3 b4 20. Ne2 Rfc8 21. Nxe7+ Nxe7 22. Bg5 bxa3 23. bxa3 c4 24. Bxf6 gxf6 25. Qxf6 Qe6 26. Qg5+ Ng6 27. Nd4 Qe5 28.
Nf5 cxd3 29. cxd3 Rc2 30. Nh6+ Kg7 31. Rxf7+ Kh8 32. Qxe5+ Nxe5 33. Re7 Nxd3 34. Rf1 Ne5 35. Nf7+ 1-0

[Event "Late-Titled-Tuesday-Blitz-October-17-2023"]
[Site "Chess.com"]
[Date "2023.10.17"]
[Round "3"]
[White "MikaelyanArman"]
[Black "aa175"]
[Result "1-0"]
[WhiteElo "2881"]
[BlackElo "2601"]
[TimeControl "180+1"]
[EndTime "14:28:34 PDT"]
[Termination "MikaelyanArman won by resignation"]

1. d4 Nf6 2. Nf3 g6 3. Nbd2 d5 4.
b4 Bg7 5. e3 a5 6. b5 c5 7. bxc6 Nxc6 8. Be2 O-O 9. O-O a4 10. Ba3 Ne4 11. Nxe4 dxe4 12. Nd2 f5 13. Rb1 Re8 14. Nc4 Kh8 15. Nb6 Ra5 16. d5 Ne5 17. Qd2 Ra7 18. Bc5 Qc7 19. Bd4 Ra6 20. Nxc8 Rxc8 21.
Bxa6 Ng4 22. f4 bxa6 23. Bxg7+ Kxg7 24. Qd4+ Kh6 25. h3 Nf6 26. Rf2 Qc3 27. Rd1 a3 28. d6 exd6 29. Qxc3 Rxc3 30. Rxd6 Nh5 31. g4 Ng3 32. g5+ Kh5 33. Rd7 Kh4 34. Rxh7+ Nh5 35. Re2 Kxh3 36. Rxh5+ gxh5 37. g6 Rc6 38. Rg2 Rc8 39.
g7 Rg8 40. Rg5 h4 41. c4 Rxg7 42. Rxg7 1-0